 Dungeon Crawl Stone Soup version 0.18.1-2-ga659475 (webtiles) character file.

172 Enish the Insei (level 5, 0/32 HPs)
             Began as a Kobold Monk on May 9, 2016.
             Slain by a goblin
             ... wielding a +0 war axe
              (8 damage)
             ... on level 3 of the Dungeon.
             The game lasted 00:04:59 (2087 turns).

Enish the Insei (Kobold Monk)                       Turns: 2087, Time: 00:05:00

Health: 0/32       AC:  3    Str:  9    XL:     5   Next: 82%
Magic:  5/5        EV: 18    Int:  8    God:
Gold:   98         SH:  0    Dex: 20    Spells: 0 memorised, 4 levels left

rFire  . . .     SeeInvis .       - Unarmed
rCold  . . .     Gourm    .     a - +0 robe
rNeg   . . .     Faith    .     (shield restricted)
rPois  .         Spirit   .     (no helmet)
rElec  .         Dismiss  .     n - +0 cloak
rCorr  .         Reflect  .     (no gloves)
SustAt .         Harm     .     (no boots)
MR     .....                    (no amulet)
Stlth  +++.......               (no ring)
                                (no ring)

@: flying, drained, not resistant to hostile enchantments, fairly stealthy
A: carnivore 3
a: no special abilities


You were on level 3 of the Dungeon.
You were very full.

You visited 1 branch of the dungeon, and saw 3 of its levels.

You collected 98 gold pieces.

Inventory:

Missiles
 e - 2 throwing nets (quivered)
Armour
 a - a +0 robe (worn)
 n - a +0 cloak (worn)
Potions
 g - a potion of curing
 k - a potion of heal wounds
Comestibles
 b - 3 meat rations
 c - 4 slices of pizza
 i - 2 beef jerkies


   Skills:
 - Level 3.2 Fighting
 * Level 4.8 Dodging
 - Level 2.6 Stealth
 - Level 6.0(5.9) Unarmed Combat


You had 4 spell levels left.
You didn't know any spells.

Dungeon Overview and Level Annotations

Branches:
Dungeon (3/15)

Altars:
Nemelex Xobeh
Okawaru

Annotations:
D:2 exclusion: downstairs
D:3 Etesian's ghost, amateur FoAK; Robin


Innate Abilities, Weirdness & Mutations

You are small and have problems with some larger weapons.
You are carnivorous and can eat meat at any time.


Message History

You kill the goblin!
Robin throws the goblin at you! The goblin hits you.
The goblin hits you with a war axe.
* * * LOW HITPOINT WARNING * * *
You hit the goblin.
The goblin is heavily wounded.
The goblin misses you.
You hit the goblin but do no damage.
The goblin is heavily wounded.
The goblin barely misses you. The goblin misses you.
Unknown command.
You hit the goblin but do no damage. Your punch misses the goblin.
The goblin is heavily wounded.
The goblin closely misses you. x2
Unknown command.
Drink which item? (? for menu, Esc to quit)
You feel very buoyant.
You fly up into the air.
The goblin barely misses you. The goblin hits you with a war axe!
You die...

#..... ##.... # ##.## #'
#### ... ##.# ...$ ####
####.8. ..... ##..#
#......
....go####...######..8...
...gSggg@g...............
....gg####...#######...<.
g.... ##......# #..(..
.... #..###.# #.8... ...
#....#.# ##.... ..
#.#..#.# ##.8. . ########
#... ##_## #.#. 8...8
#...


You could see Robin, an adder, an orc, a hobgoblin and 6 goblins.

Vanquished Creatures
  Crazy Yiuf (D:3)
  Jessica (D:2)
  4 adders (D:2)
  3 worms
  2 giant geckos (D:2)
  5 bats
  A giant cockroach (D:2)
  8 goblins
  3 hobgoblins
  3 jackals (D:2)
  7 kobolds
  3 quokkas (D:2)
  2 giant newts
  39 rats
82 creatures vanquished.

Notes
Turn   | Place    | Note
--------------------------------------------------------------
     0 | D:1      | Enish the Kobold Monk began the quest for the Orb.
     0 | D:1      | Reached XP level 1. HP: 14/14 MP: 1/1
   115 | D:1      | Reached XP level 2. HP: 17/19 MP: 2/2
   476 | D:2      | Reached skill level 5 in Unarmed Combat
   476 | D:2      | Reached XP level 3. HP: 20/23 MP: 3/3
   521 | D:2      | Found a sparkling altar of Nemelex Xobeh.
   959 | D:2      | Noticed Jessica
   972 | D:2      | Reached XP level 4. HP: 7/28 MP: 4/4
  1027 | D:2      | Killed Jessica
  1114 | D:2      | Reached XP level 5. HP: 23/32 MP: 5/5
  1340 | D:2      | Reached skill level 6 in Unarmed Combat
  1787 | D:3      | Noticed Crazy Yiuf
  1796 | D:3      | Killed Crazy Yiuf
  1897 | D:3      | Noticed Etesian's ghost (amateur FoAK)
  2054 | D:3      | Found an iron altar of Okawaru.
  2070 | D:3      | Noticed Robin
  2087 | D:3      | Slain by a goblin

Skill      XL: |  1  2  3  4  5 |
---------------+----------------+-----
Unarmed Combat | 5 6 |  6.0
Dodging        | 4 |  4.8
Fighting       | |  3.2
Stealth        | |  2.6

Action                   |  1- 3 |  4- 6 || total
-------------------------+-------+-------++-------
Melee: Unarmed           |    73 |   154 ||   227
       Punch             |     2 |     4 ||     6
  Use: Potion            |     2 |     6 ||     8
       Scroll            |       |     4 ||     4
 Stab: Sleeping          |     9 |    11 ||    20
       Invisible         |     1 |       ||     1
  Eat: Chunk             |     8 |     3 ||    11
Armor: Robe              |     5 |     8 ||    13
Dodge: Dodged            |    46 |    79 ||   125
